 Dungeon Crawl Stone Soup version 0.30.1-11-g7821555f0a (webtiles) character file.

Game seed: 3960504801405205388

7 SacredBeard the Grave Robber (level 1, 0/14 HPs)
             Began as a Demonspawn Necromancer on Nov 3, 2023.
             Hit by a stone thrown by a kobold (2 damage)
             ... on level 1 of the Dungeon.
             The game lasted 00:02:06 (362 turns).

SacredBeard the Grave Robber (DsNe)                  Turns: 362, Time: 00:02:07

Health: 0/14       AC:  3    Str:  8    XL:     1   Next: 83%
Magic:  1/3        EV: 11    Int: 16    God:
Gold:   25         SH:  0    Dex: 13    Spells: 3/4 levels left

rFire   . . .        g - +0 short sword
rCold   . . .        (no shield)
rNeg    . . .        d - +0 leather armour
rPois   .            (no helmet)
rElec   .            (no cloak)
rCorr   .            (no gloves)
SInv    .            (no boots)
Will    .....        (no amulet)
Stlth   ++           (no ring)
HPRegen 0.22/turn    (no ring)
MPRegen 0.08/turn

%: no passive effects
@: no status effects
A: no striking features
a: no special abilities


You were on level 1 of the Dungeon.
You visited 1 branch of the dungeon, and saw 1 of its levels.

You collected 25 gold pieces.

Inventory:

Hand Weapons
 g - a +0 short sword (weapon)
Armour
 d - a +0 leather armour (worn)
Scrolls
 c - a scroll of identify {unknown}
 f - a scroll of immolation {unknown}
 h - a scroll of poison {unknown}
Potions
 a - a potion of brilliance {unknown}
 b - a potion of magic
 e - a potion of might {unknown}


   Skills:
 + Level 0.3 Fighting
 + Level 0.1 Long Blades
 + Level 0.1 Armour
 + Level 1.9 Dodging
 + Level 1.9 Stealth
 + Level 2.0 Spellcasting
 + Level 4.4 Necromancy


You had 3 spell levels left.
You knew the following spells:

 Your Spells              Type           Power      Damage    Failure   Level
a - Necrotise             Necr           60%        1d7       4%          1

Your spell library contained the following spells:

 Spells                   Type           Power      Damage    Failure   Level
 Vampiric Draining        Necr           15%        2d7       14%         3
 Animate Dead             Necr           15%        N/A       43%         4
 Agony                    Necr           15%        N/A       80%         5


Dungeon Overview and Level Annotations

Branches:
Dungeon (1/15) Zot: 5637

Altars:


Message History

You are too injured to fight recklessly!
You are too injured to fight recklessly!
You are too injured to fight recklessly!
You are too injured to fight recklessly!
You are too injured to fight recklessly!
You hit the hobgoblin.
The hobgoblin is lightly wounded.
The hobgoblin barely misses you.
You hit the hobgoblin.
The hobgoblin is heavily wounded.
The hobgoblin hits you.
You hit the hobgoblin but do no damage.
The hobgoblin is moderately wounded.
The hobgoblin closely misses you. The goblin attacks as you move away!
The goblin barely misses you.
You closely miss the goblin. The goblin hits you with a +0 club.
You hit the goblin but do no damage. The goblin hits you with a +0 club.
You hit the goblin.
The goblin is severely wounded.
The goblin hits you with a +0 club.
* * * LOW HITPOINT WARNING * * *
Casting: Necrotise (safe; 4% risk of failure)
Confirm with . or Enter, or press ? or * to list all spells.
Aiming: Necrotise (safe; 4% risk of failure)
Press: ? - help, Shift-Dir - straight line, f - goblin
Aim: a goblin, wielding a +0 club (severely wounded, chance to affect: 85%)
The goblin barely resists.
The goblin hits you but does no damage.
Unknown command.
Casting: Necrotise (safe; 4% risk of failure)
Confirm with . or Enter, or press ? or * to list all spells.
Aiming: Necrotise (safe; 4% risk of failure)
Press: ? - help, Shift-Dir - straight line, f/p - goblin
Aim: a goblin, wielding a +0 club (severely wounded, chance to affect: 85%)
The goblin writhes in agony.
You kill the goblin!
The hobgoblin attacks as you move away! The hobgoblin misses you.
You hit the hobgoblin.
You kill the hobgoblin!
The kobold throws a stone.
The stone hits you.
You die...

#### ..# ###### #.#
#....# #########
##.####Z###.##.#
#.......#
#......rK.@.##.#
#.#####.#
..##.#.######.###.#####.#
#.# #........##.#
#.....!.r.# #####.##.##.#
#.#..##.#.# #.##.##.#
#... ..#.# #.......# ###
.## # ####.##### ..
#)....# #. ###....


You could see a kobold (ally target), a rat and a friendly goblin skeleton.

Vanquished Creatures
  A giant cockroach (D:1)
  A goblin (D:1)
  A hobgoblin (D:1)
  2 jackals (D:1)
  A kobold (D:1)
6 creatures vanquished.

Notes
Turn   | Place    | Note
-------+----------+-------------------------------------------
     0 | D:1      | SacredBeard the Demonspawn Necromancer began the quest for
                  | the Orb.
     0 | D:1      | Reached XP level 1. HP: 13/13 MP: 3/3
   362 | D:1      | Hit by a stone thrown by a kobold

Illustrated notes

Levels and vault maps discovered:
D:1:      scummos_arrival_checkerplants, layout_loops_cross

Action                     || total
---------------------------++-------
  Melee: Short sword       ||    27
   Cast: Necrotise         ||     4
   Stab: Sleeping          ||     2
 Armour: Leather armour    ||     4
  Dodge: Dodged            ||    18
